 Dungeon Crawl Stone Soup version 0.23-a0-182-g58cdd98 (webtiles) character file.

55 iamserjio the Ruffian (level 3, -5/29 HPs)
             Began as a Draconian Wanderer on Sept 20, 2018.
             Slain by a gnoll
             ... wielding a +0 halberd
              (10 damage)
             ... on level 2 of the Dungeon.
             The game lasted 00:01:49 (864 turns).

iamserjio the Ruffian (Draconian Wanderer)           Turns: 864, Time: 00:01:50

Health: -5/29      AC:  5    Str: 12    XL:     3   Next: 67%
Magic:  3/3        EV: 11    Int: 15    God:
Gold:   101        SH:  0    Dex: 10    Spells: 2/2 levels left

rFire    . . .     SeeInvis .   a - +2 shortbow
rCold    . . .     Gourm    .   (shield currently unavailable)
rNeg     . . .     Faith    .   (armour unavailable)
rPois    .         Spirit   .   (helmet restricted)
rElec    .         Reflect  .   (no cloak)
rCorr    .         Harm     .   (no gloves)
MR       .....                  (no boots)
Stlth    +.........             (no amulet)
HPRegen  0.09/turn              (no ring)
MPRegen  0.08/turn              (no ring)

@: no status effects
A: unfitting armour, cold-blooded, AC +5
a: no special abilities


You were on level 2 of the Dungeon.
You were not hungry.

You visited 1 branch of the dungeon, and saw 2 of its levels.

You collected 101 gold pieces.

Inventory:

Hand Weapons
 a - a +2 shortbow (weapon)
 d - a +0 hand axe
Missiles
 b - 44 arrows (quivered)
 p - 4 poisoned tomahawks
 q - 5 tomahawks
Scrolls
 c - a scroll of teleportation
 h - a scroll of magic mapping {unknown}
 i - a scroll of fear {unknown}
 j - 4 scrolls of identify {unknown}
 k - a scroll of remove curse {unknown}
 m - 2 scrolls of immolation {unknown}
Potions
 e - a potion of haste {unknown}
 l - a potion of agility {unknown}
 n - a potion of heal wounds {unknown}
 o - 2 potions of berserk rage {unknown}
Comestibles
 f - 5 rations
 g - a chunk of flesh


   Skills:
 - Level 2.1 Fighting
 - Level 3.0 Axes
 - Level 2.6 Bows
 - Level 1.0 Throwing
 * Level 3.4 Unarmed Combat
   Level 1.0 Evocations


You had 2 spell levels left.
You didn't know any spells.
Your spell library was empty.

Dungeon Overview and Level Annotations

Branches:
Dungeon (2/15)

Altars:


Innate Abilities, Weirdness & Mutations

Your plain brown scales are hard. (AC +5)
You cannot fit into any form of body armour.
You are cold-blooded and may be slowed by cold attacks.


Message History

Aim: a gnoll, wielding a flail (lightly wounded)
You shoot an arrow. The arrow barely misses the gnoll.
The arrow hits the gnoll.
The gnoll barely misses you. The gnoll hits you with a flail!
Firing (i - inventory. (/) - cycle)
b - 46 arrows (quivered)
Aim: a gnoll, wielding a flail (lightly wounded)
You shoot an arrow. The arrow hits the gnoll.
The gnoll barely misses you.
The gnoll hits you but does no damage. x2
Firing (i - inventory. (/) - cycle)
b - 45 arrows (quivered)
Aim: a gnoll, wielding a flail (heavily wounded)
You shoot an arrow. The arrow hits the gnoll.
You kill the gnoll!
The gnoll hits you from afar with a halberd!!
Ouch! That really hurt!
* * * LOW HITPOINT WARNING * * *
The gnoll hits you but does no damage.
You are too injured to fight recklessly!
The gnoll closely misses you.
The gnoll hits you from afar with a halberd!
You die...

# #.# #..# #.#
#.(# #####.###..#.
#............ #
#.##..####(## #.
#.##..# #(#
#..#.##..####g#
#...........))###
#.##........@.g.#
####......$.......
#.###########..
#.# ..# #.## .. #.


You could see 2 gnolls.

Vanquished Creatures
  A gnoll (D:2)
  2 adders (D:2)
  An ooze (D:2)
  3 giant cockroaches
  A goblin (D:2)
  2 hobgoblins (D:1)
  4 kobolds (D:1)
  A ball python (D:1)
  A bat (D:2)
  12 rats
28 creatures vanquished.

Notes
Turn   | Place    | Note
-------+----------+-------------------------------------------
     0 | D:1      | iamserjio the Draconian Wanderer began the quest for the
                  | Orb.
     0 | D:1      | iamserjio set off with: a +2 shortbow, 27 arrows, a scroll
                  | of teleportation, a +0 hand axe, a ration
     0 | D:1      | Reached XP level 1. HP: 17/17 MP: 1/1
    59 | D:1      | Reached skill level 1 in Unarmed Combat
   454 | D:1      | Reached XP level 2. HP: 24/24 MP: 2/2
   767 | D:2      | Reached XP level 3. HP: 29/29 MP: 3/3
   864 | D:2      | Slain by a gnoll

Vault maps used:
D:1:      eino_arrival_cavern_d, minivault_4, minmay_misc_feat_encased,
          minmay_rat_gold_closets
D:2:      bh_walls_and_bars

Skill      XL: |  1  2  3 |
---------------+----------+-----
Unarmed Combat | 1 2 3 |  3.4
Fighting       | |  2.1
Axes           | |  3.0
Bows           | |  2.6
Throwing       | |  1.0
Evocations     | |  1.0

Action                   || total
-------------------------++-------
Melee: Hand axe          ||    35
       Punch             ||     1
 Fire: Shortbow          ||    52
 Stab: Sleeping          ||     2
Armor: Skin              ||    20
Dodge: Dodged            ||    29

Table legend:
 A = Non-vault XP
 B = Vault XP
 C = Vault XP percentage of total XP
 D = Non-vault monster count
 E = Vault monster count
 F = Vault count percentage of total count
                 A         B        C        D         E       F
            +---------+---------+-------+---------+---------+-------
      Total |      70 |       9 |  11.4 |      19 |       9 |  32.1
            +---------+---------+-------+---------+---------+-------
        D:1 |      17 |       9 |  34.6 |      11 |       9 |  45.0
        D:2 |      53 |       0 |   0.0 |       8 |       0 |   0.0
            +---------+---------+-------+---------+---------+-------
